 Dungeon Crawl Stone Soup version 0.21.0 (webtiles) character file.

11 tidbits the Sneak (level 2, -3/11 HPs)
             Began as a Felid Air Elementalist on Jan 7, 2018.
             Slain by a kobold
             ... wielding a +0 club
              (6 damage)
             ... on level 1 of the Dungeon.
             The game lasted 00:02:23 (322 turns).

tidbits the Sneak (Felid Air Elementalist)           Turns: 322, Time: 00:02:24

Health: -3/11      AC:  1    Str:  4    XL:     2   Next: 17%
Magic:  0/6        EV: 18    Int: 16    God:
Gold:   35         SH:  0    Dex: 16    Spells: 2/5 levels left
                                        Lives:  0   Deaths: 0

rFire    . . .     SeeInvis +     - Unarmed
rCold    . . .     Gourm    .   (shield unavailable)
rNeg     . . .     Faith    .   (armour unavailable)
rPois    .         Spirit   .   (helmet unavailable)
rElec    .         Reflect  .   (cloak unavailable)
rCorr    .         Harm     .   (gloves unavailable)
MR       .....                  (boots unavailable)
Stlth    +++.......             (no amulet)
HPRegen  0.03/turn              (no ring)
MPRegen  0.10/turn              (no ring)

@: quick
A: very small, no armour, no weapons or thrown items, stealth, claws 1, fangs 3,
see invisible, carnivore, speed 1, shaggy fur 1, slow metabolism 1, sharp paws
a: no special abilities


You were on level 1 of the Dungeon.
You were not hungry.

You visited 1 branch of the dungeon, and saw 2 of its levels.

You collected 35 gold pieces.

Inventory:

Scrolls
 g - a scroll of teleportation {unknown}
Potions
 c - a potion of resistance {unknown}
 d - a potion of curing {unknown}
 e - 2 potions of agility {unknown}
 f - a potion of berserk rage {unknown}
 h - a potion of flight {unknown}
Books
 a - a book of Air

   Spells                             Type                      Level
   a - Shock                          Conjuration/Air              1
   b - Swiftness                      Charms/Air                   2
   c - Static Discharge               Conjuration/Air              3
   d - Airstrike                      Air                          4
   e - Lightning Bolt                 Conjuration/Air              5
Comestibles
 b - a ration


   Skills:
 - Level 2.6 Dodging
 + Level 3.4 Stealth
 + Level 1.2 Unarmed Combat
 - Level 2.0 Spellcasting
 - Level 0.8 Conjurations
 - Level 2.6 Air Magic


You had 2 spell levels left.
You knew the following spells:

 Your Spells              Type           Power        Failure   Level  Hunger
a - Shock                 Conj/Air       #...         10%         1    #......
W - Swiftness             Chrm/Air       #.......     19%         2    ###....


Dungeon Overview and Level Annotations

Branches:
Dungeon (2/15)

Altars:


Innate Abilities, Weirdness & Mutations

You cannot wear armour.
You are incapable of wielding weapons or throwing items.
Your paws allow you to move quietly. (Stealth)
You have sharp claws.
You have razor-sharp teeth.
You have supernaturally acute eyesight. (SInv)
You are carnivorous and can eat meat at any time.
You cover ground quickly.
You are covered in fur. (AC +1)
You have a slow metabolism.
Your sharp claws are effective at attacking unaware monsters.


Message History

You scratch the giant cockroach.
The giant cockroach is moderately wounded.
The giant cockroach completely misses you.
You closely miss the giant cockroach.
The giant cockroach is moderately wounded.
The giant cockroach barely misses you.
You closely miss the giant cockroach. Your bite misses the giant cockroach.
The giant cockroach is moderately wounded.
The giant cockroach bites you. The giant cockroach bites you.
Casting: Shock
Confirm with . or Enter, or press ? or * to list all spells.
Aiming: Shock
Press: ? - help, Shift-Dir - straight line The zap misses the giant cockroach.
The zap hits the giant cockroach.
The giant cockroach is almost dead.
The giant cockroach bites you.
* * * LOW HITPOINT WARNING * * *
Casting: Shock
Confirm with . or Enter, or press ? or * to list all spells.
Aiming: Shock
Press: ? - help, Shift-Dir - straight line The zap hits the giant cockroach.
The giant cockroach appears unharmed.
The giant cockroach is severely wounded.
The zap hits the giant cockroach.
The giant cockroach is almost dead.
The giant cockroach closely misses you.
Casting: Shock
Confirm with . or Enter, or press ? or * to list all spells.
Aiming: Shock
Press: ? - help, Shift-Dir - straight line The zap hits the giant cockroach.
You kill the giant cockroach!
You have reached level 2!
Memorise Swiftness, consuming 2 spell levels and leaving 2?
You start memorising the spell.
You continue memorising. x2
You finish memorising.
Spell assigned to 'W'.
There is a large open door here.
There is a large open door here.
A giant cockroach comes into view.
A jackal comes into view.
You pounce on the unaware helpless giant cockroach!
You scratch the giant cockroach.
You kill the giant cockroach!
The jackal barks!
You hear a bark! x2
A jackal comes into view.
A jackal comes into view.
The jackal barks!
You hear a bark!
The jackal misses you.
The jackal stops to sniff the ground.
Casting: Shock
Confirm with . or Enter, or press ? or * to list all spells.
Aiming: Shock
Press: ? - help, Shift-Dir - straight line The zap misses the jackal. x2; The jackal misses you. x2
Casting: Shock
Confirm with . or Enter, or press ? or * to list all spells.
Aiming: Shock
Press: ? - help, Shift-Dir - straight line The zap hits the jackal.
The jackal appears unharmed.
The zap hits the jackal.
The jackal is heavily wounded.
The zap misses the jackal.
The zap hits the jackal.
The jackal is heavily wounded.
The jackal barely misses you. The jackal barely misses you.
The jackal completely misses you.
Found a ring mail.
Casting: Shock
Confirm with . or Enter, or press ? or * to list all spells.
Aiming: Shock
Press: ? - help, Shift-Dir - straight line The zap misses the jackal.
The zap hits the jackal.
The jackal is severely wounded.
The kobold shouts!
The jackal barely misses you. The jackal misses you.
The jackal completely misses you. The jackal bites you.
* * * LOW HITPOINT WARNING * * *
The jackal bites you.
* * * LOW HITPOINT WARNING * * *
The jackal barely misses you.
Casting: Shock
Confirm with . or Enter, or press ? or * to list all spells.
Aiming: Shock
Press: ? - help, Shift-Dir - straight line The zap misses the jackal.
The zap misses the kobold. x2
The zap hits the jackal.
You kill the jackal!
The jackal bites you.
* * * LOW HITPOINT WARNING * * *
Casting: Shock
Confirm with . or Enter, or press ? or * to list all spells.
Aiming: Shock
Press: ? - help, Shift-Dir - straight line The zap misses the kobold.
The zap hits the kobold.
The kobold is moderately wounded.
The jackal closely misses you. The kobold hits you with a club.
Ouch! That really hurt!
You die...

#.... #.#..........[##.....#.
#..h.#+# #.#...........##.....#.
#...##.####.#...........##....K#.
#...##......#...........##.....##
#...##......#....................
#.............#######....####..##
#...##.......###...............##
#...##...........h............>##
#...##..........@K..#............
#†........##........#............
#.........##........#............
#.........##....>...#............
#.........##........#............
####......##........#....###.....
#......##........#....# #.....
#......''........#.[..# #.....
#......##........#.###########


You could see a jackal and a kobold.

Vanquished Creatures
  2 giant cockroaches (D:1)
  2 goblins (D:1)
  A hobgoblin (D:1)
  A jackal (D:1)
  3 kobolds (D:1)
  2 rats (D:1)
11 creatures vanquished.

Notes
Turn   | Place    | Note
-------+----------+-------------------------------------------
     0 | D:1      | tidbits the Felid Air Elementalist began the quest for the Orb.
     0 | D:1      | Reached XP level 1. HP: 7/7 MP: 4/4
   136 | D:1      | Reached skill level 3 in Stealth
   209 | D:1      | Reached skill level 1 in Unarmed Combat
   271 | D:1      | Reached XP level 2. HP: 5/11 MP: 1/6
   275 | D:1      | Learned a level 2 spell: Swiftness
   322 | D:1      | Slain by a kobold

Skill      XL: |  1 |
---------------+----+-----
Stealth        | 3 |  3.4
Unarmed Combat | 1 |  1.2
Dodging        | |  2.6
Spellcasting   | |  2.0
Conjurations   | |  0.8
Air Magic      | |  2.6

Action                   || total
-------------------------++-------
Melee: Unarmed           ||    12
 Cast: Shock             ||    14
 Stab: Sleeping          ||     4
Armor: Skin              ||     1
Dodge: Dodged            ||    22

Table legend:
 A = Turns spent in this place as a percentage of turns spent in the entire game.
 B = Non-inter-level travel turns spent in this place as a percentage of non-inter-level travel turns spent in the entire game.
 C = Inter-level travel turns spent in this place as a percentage of turns spent in this place.
 D = Turns resting spent in this place as a percentage of non-inter-level travel turns spent in this place.
 E = Turns spent auto-exploring this place as a percentage of non-inter-level travel turns spent in this place.
 F = Non-inter-level travel turns spent in this place divided by the number of levels of this place that you've seen.
                   A       B       C       D       E      F
               +-------+-------+-------+-------+-------+----------------------
         Total | 100.0 | 100.0 |   0.0 |   0.0 |   0.0 | 161.0
       Dungeon | 100.0 | 100.0 |   0.0 |   0.0 |   0.0 | 161.0
               +-------+-------+-------+-------+-------+----------------------

Table legend:
 A = Kills in this place as a percentage of kills in entire the game.
 B = Kills by you in this place as a percentage of kills by you in the entire game.
 C = Kills by friends in this place as a percentage of kills by friends in the entire game.
 D = Other kills in this place as a percentage of other kills in the entire game.
 E = Experience gained in this place as a percentage of experience gained in the entire game.
 F = Experience gained in this place divided by the number of levels of this place that you have seen.
                   A       B       C       D       E      F
               +-------+-------+-------+-------+-------+----------------------
         Total | 100.0 | 100.0 |   N/A |   N/A | 100.0 |   8.5
       Dungeon | 100.0 | 100.0 |   N/A |   N/A | 100.0 |   8.5
               +-------+-------+-------+-------+-------+----------------------

Vault maps used:
D:1:      dpeg_arrival_water_fire, serial_bayou_pond_a, supply_closet_lemuel,
          minmay_rat_gold_closets
D:2:      ashenzari_altar_1
